 Dungeon Crawl Stone Soup version 0.30-a0-847-g17996783a1 (webtiles) character file.

Game seed: 82787061715467283

5066 bande the Cleaver (level 10, -3/61 HPs)
             Began as a Gargoyle Fighter on Mar 4, 2023.
             Was an Elder of Okawaru.
             Killed by divine providence
             ... invoked by an orc priest
              (14 damage)
             ... on level 8 of the Dungeon.
             The game lasted 00:10:26 (6415 turns).

bande the Cleaver (Gargoyle Fighter)                Turns: 6415, Time: 00:10:27

Health: -3/61      AC: 24    Str: 20    XL:     10   Next: 56%
Magic:  13/13      EV:  6    Int:  9    God:    Okawaru [****..]
Gold:   363        SH:  5    Dex: 13    Spells: 9/9 levels left

rFire   . . .      SeeInvis +    s - +2 war axe (venom)
rCold   . . .      Faith    .    c - +0 buckler
rNeg    + . .      Spirit   .    r - +0 plate armour
rPois   ∞          Reflect  .    h - +0 helmet
rElec   +          Rampage  .    w - +0 cloak
rCorr   .                        (no gloves)
Will    .....                    e - +0 pair of boots Stlth
                                 (no amulet)
HPRegen 0.30/turn                i - +4 ring of slaying
MPRegen 0.13/turn                p - ring of see invisible

@: weakened, studying Shields
A: sickness immunity, AC +7, negative energy resistance 1, electricity
resistance, torment resistance 1, petrification resistance
a: Renounce Religion, Heroism, Finesse


You were on level 8 of the Dungeon.
You worshipped Okawaru.
Okawaru was greatly pleased with you.
You visited 2 branches of the dungeon, and saw 9 of its levels.
You also visited: Sewer.

You collected 363 gold pieces.

Inventory:

Hand Weapons
 a - a +1 war axe of electrocution
 q - a +0 war axe
 s - a +2 war axe of venom (weapon)
 y - a +0 flail
Armour
 c - a +0 buckler (worn)
 e - a +0 pair of boots (worn)
 h - a +0 helmet (worn)
 r - a +0 plate armour (worn)
 w - a +0 cloak (worn)
Jewellery
 i - a +4 ring of slaying (left hand)
 p - a ring of see invisible (right hand)
 A - an amulet of guardian spirit
Wands
 l - a wand of polymorph (5)
Scrolls
 j - 2 scrolls of teleportation
 k - a scroll of amnesia
 o - a scroll of vulnerability {unknown}
 t - 3 scrolls of poison
 u - 2 scrolls of magic mapping
 v - 2 scrolls of fear
 B - 2 scrolls of butterflies {unknown}
Potions
 b - a potion of cancellation
 d - 2 potions of might
 f - 5 potions of haste
 g - 2 potions of mutation
 m - 3 potions of flight
 n - 2 potions of heal wounds
 x - a potion of invisibility
 z - a potion of curing {unknown}


   Skills:
 + Level 6.7 Fighting
 + Level 9.4 Axes
 + Level 7.4 Armour
 + Level 6.7 Shields
 * Level 5.2 Invocations
 * Level 4.6 Evocations


You had 9 spell levels left.
You didn't know any spells.
Your spell library contained the following spells:

 Spells                   Type           Power      Damage    Failure   Level
 Portal Projectile        Hex/Tloc       0%         N/A       100%        3
 Blade Hands              Tmut           0%         N/A       100%        5
 Tukima's Dance           Hex            Unusable   N/A       N/A         3
 Animate Dead             Necr           Unusable   N/A       N/A         4
 Haunt                    Necr/Summ      Unusable   N/A       N/A         7
 Infestation              Necr           Unusable   N/A       N/A         8

Dungeon Overview and Level Annotations

Branches:
Dungeon (8/15)             Temple (1/1) D:5           Sewer (visited)
   Lair: D:8-11

Altars:
Ashenzari
Cheibriados
Elyvilon
Gozag
Makhleb
Nemelex Xobeh
Okawaru
Vehumet
Xom
Yredelemnul
The Shining One

Shops:
D:2 *   D:4 (


Innate Abilities, Weirdness & Mutations

You are immune to sickness and miasma.
Your stone body is resilient. (AC +7)
You are immune to poison.
You resist negative energy. (rN+)
You are resistant to electric shocks. (rElec)
You are resistant to unholy torment.
You are immune to petrification.


Message History

You hit the gnoll.
The gnoll looks as sick as possible!
The gnoll is almost dead.
You hit the gnoll.
The gnoll is poisoned.
You completely miss the gnoll bouda. You slash the gnoll!
The gnoll is poisoned.
You kill the gnoll!
Okawaru accepts your kill.
The gnoll bouda hits you with a +0 club.
The gnoll hits you from afar with a +0 spear.
The gnoll hits you but does no damage. The gnoll barely misses you. x2
Found a scroll of teleportation.
You block the gnoll bouda's attack.
The orc priest calls down the wrath of Beogh upon you.
Beogh smites you! The gnoll barely misses you.
The gnoll hits you with a +0 club.
* * * LOW HITPOINT WARNING * * *
The gnoll hits you but does no damage. The gnoll hits you with a +0 flail.
* * * LOW HITPOINT WARNING * * *
Things that are here:
a +0 club; a gnoll corpse Unknown command.
The gnoll bouda attacks as you move away!
You block the gnoll bouda's attack.
An orc priest comes into view. It is wielding a +0 war axe.
The gnoll hits you but does no damage. The gnoll barely misses you.
The gnoll hits you but does no damage. You block the gnoll's attack.
The gnoll attacks as you move away! The gnoll closely misses you.
An orc wizard comes into view. It is wielding a +0 dagger.
The orc wizard shouts!
The gnoll barely misses you. The gnoll hits you but does no damage.
Unknown command.
The gnoll attacks as you move away! The gnoll hits you with a +0 spear.
* * * LOW HITPOINT WARNING * * *
You kill the gnoll!
Okawaru accepts your kill. The orc wizard casts a spell at you.
The magic dart hits you but does no damage.
The orc priest barely misses you.
The gnoll hits you but does no damage. x2
The gnoll hits you but does no damage.
The orc priest calls down the wrath of Beogh upon you.
Beogh smites you!
You die...

..... ..^....?# .....
#........
.....###.......
.......#......
.......#....#
.......#....#######
#......g.....)).##
#.....g.).....)..####
#....@og.....)).#)..##
........g.........####.#
..................# ##.
...o.....########## ##
...o.....# # .........#
### #........# ##.###
#........# #....# ##.##.


You could see a gnoll bouda, 2 orc priests, an orc wizard and 3 gnolls.

Vanquished Creatures
  Prince Ribbit (D:7)
  6 yaks (D:8)
  9 humans (D:8)
  3 sky beasts
  A water moccasin (D:7)
  2 orc warriors
  An ice beast (D:7)
  A black bear (D:4)
  4 ogres
  A centaur (D:8)
  4 phantoms
  A kobold brigand (Sewer)
  2 bullfrogs (D:7)
  3 scorpions
  A wight (D:6)
  3 howler monkeys
  2 orc priests
  5 hounds
  2 jellies
  An iguana (D:6)
  3 sleepcaps
  A gnoll bouda (D:8)
  4 orc wizards
  5 gnolls (D:8)
  6 adders
  3 river rats (D:4)
  An ufetubus (D:5)
  2 worms (D:4)
  3 dart slugs
  23 orcs
  8 endoplasms
  2 giant cockroaches
  9 goblins
  A hobgoblin (D:4)
  9 jackals
  10 kobolds
  3 quokkas
  3 ball pythons
  6 bats
  A frilled lizard (D:2)
  9 rats
165 creatures vanquished.

Vanquished Creatures (others)
  A fungus (D:1)
1 creature vanquished.

Grand Total: 166 creatures vanquished

Notes
Turn   | Place    | Note
-------+----------+-------------------------------------------
     0 | D:1      | bande the Gargoyle Fighter began the quest for the Orb.
     0 | D:1      | Reached XP level 1. HP: 14/14 MP: 1/1
    46 | D:1      | Reached skill level 2 in Axes
   217 | D:1      | Reached XP level 2. HP: 19/19 MP: 2/2
   379 | D:1      | Found a faded altar of an unknown god.
   593 | D:1      | Reached XP level 3. HP: 23/23 MP: 3/3
  1280 | D:2      | Found Ovoda Beur's Assorted Antiques.
  1625 | D:3      | Reached XP level 4. HP: 29/29 MP: 4/4
  1821 | D:4      | Noticed a phantom
  1831 | D:4      | Killed a phantom
  1832 | D:4      | Reached skill level 3 in Axes
  1832 | D:4      | Reached XP level 5. HP: 23/33 MP: 5/5
  1995 | D:4      | Found a glowing drain.
  2004 | Sewer    | Entered a sewer
  2058 | Sewer    | Noticed a kobold brigand
  2079 | Sewer    | Killed a kobold brigand
  2080 | Sewer    | Reached skill level 4 in Axes
  2080 | Sewer    | Reached XP level 6. HP: 25/38 MP: 6/6
  2344 | Sewer    | Found a white marble altar of Elyvilon.
  2714 | D:4      | Reached skill level 5 in Axes
  3070 | D:4      | Noticed an orc warrior
  3082 | D:4      | Killed an orc warrior
  3083 | D:4      | Reached XP level 7. HP: 15/44 MP: 7/7
  3522 | D:4      | Reached skill level 5 in Armour
  3594 | D:4      | Found Leossil's Weapon Emporium.
  3675 | D:5      | Entered Level 5 of the Dungeon
  3839 | D:5      | Reached skill level 6 in Axes
  3888 | D:5      | Reached skill level 5 in Fighting
  3888 | D:5      | Reached skill level 1 in Evocations
  3895 | D:5      | Identified a scroll of acquirement
  3895 | D:5      | Acquired a manual of Shields
  3928 | D:5      | Reached XP level 8. HP: 49/49 MP: 8/8
  4027 | D:5      | Found a staircase to the Ecumenical Temple.
  4355 | Temple   | Entered the Ecumenical Temple
  4377 | Temple   | Became a worshipper of Warmaster Okawaru
  4454 | D:6      | Reached skill level 1 in Invocations
  4515 | D:6      | Reached skill level 7 in Axes
  4544 | D:6      | Reached * piety under Okawaru
  4761 | D:6      | Identified the +2 helmet "Oshruifi" {rN+ Int-5 Dex+6}
  4801 | D:6      | Reached XP level 9. HP: 54/54 MP: 10/10
  5030 | D:7      | Found a radiant altar of Vehumet.
  5072 | D:7      | Noticed Prince Ribbit
  5085 | D:7      | Killed Prince Ribbit
  5086 | D:7      | Reached skill level 8 in Axes
  5087 | D:7      | Reached ** piety under Okawaru
  5173 | D:7      | Found a sparkling altar of Nemelex Xobeh.
  5441 | D:7      | Reached skill level 5 in Shields
  5976 | D:8      | Reached *** piety under Okawaru
  5983 | D:8      | Reached XP level 10. HP: 52/60 MP: 13/13
  6008 | D:8      | Reached skill level 9 in Axes
  6009 | D:8      | Reached **** piety under Okawaru
  6021 | D:8      | Reached skill level 5 in Invocations
  6415 | D:8      | Killed from afar by an orc priest

Illustrated notes

Levels and vault maps discovered:
D:1:      eino_arrival_tree_alley, layout_loops_cross,
          shapermc_ecumenical_altar_ellora
D:2:      layout_loops_ring, serial_glass, glass_columns_b, glass_columns_c,
          serial_shops, shop, kennysheep_generic_room_12
D:3:      layout_basic, minmay_misc_feat_plants, uniq_grinder
D:4:      kb_forest_paths, layout_basic, serial_shops,
          nicolae_shop_bloodbath_and_beyond, portal_sewer_entry_e,
          nicolae_figureground_sparkle
D:5:      layout_rooms, temple_doors_e, kennysheep_small_spiral,
          kennysheep_potato
D:6:      layout_cave_pools, st_stairs_6
D:7:      layout_basic, nicolae_vehumet_altar_sigil,
          mainiacjoe_overflow_six_doors_small, uniq_prince_ribbit1
D:8:      erik_cavepeople, layout_basic, nicolae_stop_n_shop_2,
          minmay_misc_feat_room, nicolae_wooded_promenade, eino_tiny_chamber,
          minmay_misc_feat_enclosed
Temple:   regret_index_temple_chain_breaker

Skill      XL: |  1  2  3  4  5  6  7  8  9 10 |
---------------+-------------------------------+-----
Axes           | 2 3 4 5 6 7 8 9 |  9.4
Fighting       | 4 5 6 |  6.7
Armour         | 4 5 6 7 |  7.4
Evocations     | 1 2 3 4 |  4.6
Shields        | 4 5 6 |  6.7
Invocations    | 2 4 5 |  5.2

Action                     |  1- 3 |  4- 6 |  7- 9 | 10-12 || total
---------------------------+-------+-------+-------+-------++-------
  Melee: War axe           |   103 |    73 |   181 |    73 ||   430
    Use: Scroll            |     3 |     2 |    12 |       ||    17
         Potion            |       |     1 |       |       ||     1
 Armour: Scale mail        |    77 |    37 |       |       ||   114
         Plate armour      |       |       |   147 |    80 ||   227
  Dodge: Dodged            |    55 |    32 |    55 |    33 ||   175
  Block: Buckler           |    19 |     8 |    48 |    33 ||   108

Table legend: (Time is in decaauts)
 A = Elapsed time spent in this place.
 B = Non-inter-level travel time spent in this place.
 C = Inter-level travel time spent in this place.
 D = Time resting spent in this place.
 E = Time spent auto-exploring this place.
 F = Levels seen in this place.
 G = Mean time per level.
                   A        B        C        D        E       F      G
               +--------+--------+--------+--------+--------+-----+--------+
         Total |   6547 |   6345 |    202 |   1177 |   3902 |  10 |  654.7 |
       Dungeon |   6091 |   5905 |    186 |    930 |   3774 |   8 |  761.4 |
        Temple |     41 |     25 |     16 |      0 |     13 |   1 |   41.0 |
         Sewer |    414 |    414 |      0 |    247 |    114 |   1 |  414.0 |
               +--------+--------+--------+--------+--------+-----+--------+

Top non-repeatable levels by time:
     D:4: 1353 daAuts
     D:1: 878 daAuts
     D:7: 834 daAuts
     D:5: 713 daAuts
     D:2: 686 daAuts
     D:6: 603 daAuts
     D:8: 579 daAuts
     D:3: 441 daAuts
   Sewer: 414 daAuts
  Temple: 41 daAuts
